[Event "Titled Tuesday Blitz May 31 Late 2022"]
[White "Hardaway, Brewington"]
[Black "Tatarinov, Dmitry"]
[WhiteFideId "30941849"]
[BlackFideId "24160067"]
[WhiteElo "1768"]
[BlackElo "2302"]
[Result "0-1"]
[Round "08"]
[TimeControl "180+1"]
[Date "2022.05.31"]
[WhiteClock "0:00:02"]
[BlackClock "0:00:22"]

1. d4 Nf6 2. c4 g6 3. Nc3 Bg7 4. e4 O-O 5. Nf3 d6 6. Be2 Nc6 7. h3 e5 8. d5 Nd4 9. Be3 Nxf3+ 10. Bxf3 a5 11. g4 Nd7 12. Qd2 Nc5 13. h4 f5 14. gxf5 gxf5 15. Bg5 Qe8 16. Rg1 f4 17. Bh6 Rf6 18. Rxg7+ Kh8 19. O-O-O Rxh6 20. Rdg1 Bd7 21. h5 Qf8 22. R7g5 Rf6 23. Ne2 Qh6 24. Kb1 Rff8 25. Qd1 Rg8 26. Rxg8+ Rxg8 27. Rxg8+ Kxg8 28. Qg1+ Qg7 29. Qh2 Qg5 30. Kc2 Kg7 31. b3 b5 32. Nc3 b4 33. Ne2 h6 34. Nc1 Bg4 35. Qg2 Bxf3 36. Qxf3 Nd7 37. Nd3 Nf6 38. c5 Qxh5 39. Qxh5 Nxh5 40. cxd6 cxd6 41. Nb2 Nf6 42. Nc4 Nxe4 43. f3 Nf6 44. Nxd6 Nxd5 45. Kd3 Nc3 46. Nf5+ Kg6 47. Ne7+ Kg5 48. Kd2 h5 49. Ke1 h4 50. Kf2 h3 51. Nc6 e4 52. fxe4 Nxe4+ 53. Kg1 Kg4 54. Nd4 f3 55. Nc2 Kg3 56. Ne3 h2+ 0-1


[Site "https://www.chess.com"]

[Event "Titled Tuesday Blitz May 31 Late 2022"]
[White "Harish, Neeraj"]
[Black "Gomez Dieguez, David"]
[WhiteFideId "30958130"]
[BlackFideId "22223630"]
[WhiteElo "1574"]
[BlackElo "2115"]
[Result "0-1"]
[Round "08"]
[TimeControl "180+1"]
[Date "2022.06.01"]
[WhiteClock "0:00:04"]
[BlackClock "0:00:18"]

1. e4 c6 2. d4 d5 3. e5 c5 4. dxc5 e6 5. Nf3 Bxc5 6. a3 Nd7 7. b4 Be7 8. Bd3 f6 9. Bb2 Nh6 10. O-O Nf7 11. Re1 O-O 12. Nbd2 Ndxe5 13. Nxe5 fxe5 14. Qh5 h6 15. Qg6 Nh8 16. Qh7+ Kf7 17. Bxe5 Bf6 18. Be2 Bxe5 19. Bh5+ Ke7 20. Rxe5 Kd6 21. Qxg7 Qf6 22. Qxf6 Rxf6 23. Rae1 Bd7 24. Nf3 a5 25. Nd4 axb4 26. axb4 Rg8 27. h3 Rg5 28. Rxg5 hxg5 29. Bg4 Ng6 30. Nf3 Rf4 31. Nxg5 Rxb4 32. Nxe6 Ne5 33. Ng5 Nxg4 34. hxg4 Rxg4 35. Nf3 Rc4 36. Ne5 Rxc2 37. Nxd7 Kxd7 38. g4 b5 39. Rb1 Kc6 40. Kg2 d4 41. Kf3 Rc3+ 42. Ke4 Kc5 43. Rd1 Rc2 44. Kd3 Rxf2 45. Ke4 Re2+ 46. Kf3 Re3+ 47. Kf4 Re8 48. g5 Kc4 49. g6 d3 50. Kf5 Kc3 51. g7 d2 52. Rf1 Kc2 53. Kg6 Rg8 54. Rf8 Rxg7+ 55. Kxg7 d1=Q 56. Rc8+ Kb3 0-1


[Site "https://www.chess.com"]

[Event "Titled Tuesday Blitz May 31 Late 2022"]
[White "Harsh Suresh"]
[Black "Pinheiro, Iung Alicio de O."]
[WhiteFideId "45018464"]
[BlackFideId "2104350"]
[WhiteElo "2020"]
[BlackElo "2283"]
[Result "0-1"]
[Round "08"]
[TimeControl "180+1"]
[Date "2022.06.01"]
[WhiteClock "0:00:03"]
[BlackClock "0:00:05"]

1. c4 c5 2. Nc3 g6 3. g3 Bg7 4. Bg2 Nc6 5. Nf3 d6 6. O-O Be6 7. b3 Qc8 8. Re1 Bh3 9. Bh1 h5 10. Bb2 h4 11. Na4 Nf6 12. d4 hxg3 13. fxg3 cxd4 14. Nxd4 Bd7 15. e4 Ne5 16. Nc3 Bg4 17. Qc2 Nh5 18. Nd5 Qc5 19. Rad1 Nc6 20. Qf2 Bxd1 21. Rxd1 Nxd4 22. Bxd4 Bxd4 23. Rxd4 e6 24. Nc3 e5 25. Rd2 Qxf2+ 26. Kxf2 Kd7 27. Nb5 Ke7 28. Bf3 Nf6 29. h4 Rad8 30. Nc3 a6 31. Ke3 Rc8 32. a4 a5 33. Nb5 Rc6 34. Rd3 Nd7 35. Rd2 Nc5 36. Bd1 Ne6 37. Bf3 Rd8 38. Bg4 Nc5 39. Bd1 f5 40. exf5 gxf5 41. Nc3 Ke6 42. Nd5 Rg8 43. Kf3 Ne4 44. Re2 Nf6 45. Nf4+ Kf7 46. Nh3 Ne4 47. Rg2 Rg4 48. Ke3 Rxg3+ 49. Rxg3 Nxg3 50. Bf3 e4 51. Bd1 Kf6 52. Kf2 f4 53. Nxf4 Nf5 54. h5 Kg5 55. Ne6+ Kf6 56. Nd8 Rc7 57. c5 dxc5 58. Bc2 Rd7 59. Bxe4 Rxd8 60. Kf3 Nd4+ 61. Kf4 Ne6+ 62. Ke3 b6 63. h6 Ng5 64. Bc2 Re8+ 65. Kf4 Rh8 66. h7 Nxh7 67. Bd3 Nf8 68. Bc4 Ne6+ 69. Ke4 Rh4+ 70. Kd5 Rd4+ 71. Kc6 Nf4 72. Kxb6 Nd3 73. Kxa5 Nb2 74. Bb5 Rb4 75. Kb6 c4 76. Kc5 c3 77. Kxb4 c2 78. a5 c1=Q 79. a6 Qc7 80. Ka3 Nd1 81. b4 Nc3 82. Bd3 Qb6 83. Kb3 Nd5 84. b5 Qa5 85. Kc4 Nb6+ 86. Kc5 Na4+ 87. Kc6 Qb6+ 88. Kd7 Nc5+ 89. Kc8 Ke7 90. Bf5 Kd6 91. a7 Qc7# 0-1


[Site "https://www.chess.com"]

[Event "Titled Tuesday Blitz May 31 Late 2022"]
[White "Hess, Robert"]
[Black "Kollars, Dmitrij"]
[WhiteFideId "2022036"]
[BlackFideId "12909572"]
[WhiteElo "2557"]
[BlackElo "2584"]
[Result "0-1"]
[Round "08"]
[TimeControl "180+1"]
[Date "2022.05.31"]
[WhiteClock "0:00:05"]
[BlackClock "0:00:54"]

1. e4 c6 2. Nc3 d5 3. d4 dxe4 4. Nxe4 Nf6 5. Nxf6+ exf6 6. c3 Bd6 7. Bd3 O-O 8. Ne2 c5 9. Be3 Qc7 10. Qc2 g6 11. dxc5 Bxc5 12. Bxc5 Qxc5 13. O-O Nc6 14. Rad1 Bg4 15. h3 Bxe2 16. Bxe2 Kg7 17. Rd7 b6 18. Rfd1 Ne5 19. R7d5 Qe7 20. Qd2 Rac8 21. f4 Nc4 22. Bxc4 Rxc4 23. a3 Re4 24. Rd7 Qc5+ 25. Qf2 Qb5 26. R1d2 Rfe8 27. R7d3 Qf5 28. Rd4 Re1+ 29. Kh2 Qb1 30. Rd7 R8e3 0-1


[Site "https://www.chess.com"]

[Event "Titled Tuesday Blitz May 31 Late 2022"]
[White "Hirneise, Jens"]
[Black "Korchmar, Vasiliy"]
[WhiteFideId "24614734"]
[BlackFideId "24131750"]
[WhiteElo "2359"]
[BlackElo "2370"]
[Result "0-1"]
[Round "08"]
[TimeControl "180+1"]
[Date "2022.06.01"]
[WhiteClock "0:00:02"]
[BlackClock "0:00:02"]

1. d4 Nf6 2. c4 c6 3. Nc3 d5 4. cxd5 cxd5 5. Bf4 Nc6 6. e3 Bg4 7. Qb3 Na5 8. Qa4+ Bd7 9. Bb5 Nc6 10. Qb3 Na5 11. Qa4 Nc6 12. Qb3 a6 13. Bxc6 Bxc6 14. Nf3 e6 15. Ne5 Be7 16. O-O O-O 17. Nxc6 bxc6 18. Na4 Ne4 19. Rfc1 Bd6 20. Rxc6 Bxf4 21. exf4 Rb8 22. Qe3 Rb4 23. b3 Nd6 24. Qc3 a5 25. Rd1 Nb5 26. Qc5 h5 27. Rb6 Qd7 28. Rc1 Nxd4 29. Rxb4 Ne2+ 30. Kf1 Nxc1 31. Nb6 Qa7 32. Rb5 Nd3 33. Qe3 Nb4 34. Nxd5 Qa6 35. Ne7+ Kh8 36. Qe2 g6 37. a3 Nd5 38. Nxd5 exd5 39. Rxd5 Qc6 40. Qc4 Qe6 41. Re5 Qd6 42. Qc3 Kg8 0-1


[Site "https://www.chess.com"]

[Event "Titled Tuesday Blitz May 31 Late 2022"]
[White "Indjic, Aleksandar"]
[Black "Urazayev, Arystanbek"]
[WhiteFideId "911925"]
[BlackFideId "13709810"]
[WhiteElo "2616"]
[BlackElo "2422"]
[Result "1-0"]
[Round "08"]
[TimeControl "180+1"]
[Date "2022.05.31"]
[WhiteClock "0:00:43"]
[BlackClock "0:00:11"]

1. d4 Nf6 2. Nf3 e6 3. Bf4 d5 4. e3 c5 5. Nbd2 Nc6 6. c3 Nh5 7. Bg5 Qb6 8. Qc2 h6 9. Bh4 g5 10. Bg3 Nxg3 11. hxg3 Bg7 12. Be2 Bd7 13. a4 g4 14. Nh4 h5 15. a5 Nxa5 16. dxc5 Qc7 17. b4 Nc6 18. Rb1 Qe5 19. Rc1 a5 20. b5 Ne7 21. c4 d4 22. exd4 Qxd4 23. Ne4 Qb2 24. Qd1 O-O-O 25. O-O Kb8 26. Qd6+ Ka8 27. Qxe7 Qxe2 28. Nd6 Bd4 29. Nxf7 Rhe8 30. Qd6 Bf6 31. Nxd8 Rxd8 32. Qf4 Rf8 33. c6 bxc6 34. Qd6 Rd8 35. bxc6 Bc8 36. Qc7 Qd2 37. Rb1 Ba6 38. Rb6 1-0


[Site "https://www.chess.com"]

[Event "Titled Tuesday Blitz May 31 Late 2022"]
[White "Ivic, Velimir"]
[Black "Norowitz, Yaacov"]
[WhiteFideId "950122"]
[BlackFideId "2024799"]
[WhiteElo "2610"]
[BlackElo "2412"]
[Result "1-0"]
[Round "08"]
[TimeControl "180+1"]
[Date "2022.05.31"]
[WhiteClock "0:00:48"]
[BlackClock "0:00:03"]

1. c4 b6 2. Nc3 c5 3. Nf3 Bb7 4. g3 Bxf3 5. exf3 Nc6 6. Bg2 g6 7. O-O Bg7 8. f4 e6 9. Ne4 Qc7 10. Rb1 Nge7 11. d3 O-O 12. a3 d5 13. Nc3 dxc4 14. dxc4 Rad8 15. Qa4 Bxc3 16. bxc3 Qd7 17. f5 Na5 18. Qxd7 Rxd7 19. fxe6 fxe6 20. Bh6 Rfd8 21. Rbe1 Kf7 22. Bg5 Re8 23. Re4 Nf5 24. Rfe1 h6 25. Bc1 h5 26. h3 Rd3 27. Rf4 e5 28. Rfe4 Rxc3 29. Bb2 Rb3 30. Rxe5 Rxe5 31. Bxe5 Ne7 32. Bd6 Nf5 33. Bd5+ Kf6 34. Re6+ Kg7 35. Be5+ Kh7 36. g4 hxg4 37. hxg4 Nd4 38. Re7+ Kh6 39. Bf6 Nf3+ 40. Kg2 Ng5 41. Bg7+ Kh7 42. Be5+ Kh6 43. Bf4 1-0


[Site "https://www.chess.com"]

[Event "Titled Tuesday Blitz May 31 Late 2022"]
[White "Janaszak, Dawid"]
[Black "Djabri,Massinas"]
[WhiteFideId "1119206"]
[BlackFideId "7905726"]
[WhiteElo "2199"]
[BlackElo "1941"]
[Result "1-0"]
[Round "08"]
[TimeControl "180+1"]
[Date "2022.05.31"]
[WhiteClock "0:00:37"]
[BlackClock "0:00:41"]

1. e4 e5 2. Nf3 Nc6 3. d4 exd4 4. Nxd4 Nf6 5. Nxc6 bxc6 6. e5 Qe7 7. Qe2 Nd5 8. h4 a5 9. c4 Ba6 10. g3 g6 11. Bg5 Qb4+ 12. Qd2 Bxc4 13. Nc3 Bxf1 14. Kxf1 Nxc3 15. bxc3 Qe4 16. Kg1 Bc5 17. Bf6 Rg8 18. Rd1 Qg4 19. Kg2 h5 20. Rhe1 Qe6 21. a4 Be7 22. Qh6 Kd8 23. Re3 Kc8 24. Qg5 Re8 25. c4 Bc5 26. Red3 d5 27. cxd5 cxd5 28. Rxd5 Bb6 29. Qf4 Kb7 30. Qf3 Qc6 31. Rd7 Rf8 32. Bg7 Qxf3+ 33. Kxf3 Rfe8 34. Rxf7 Rad8 35. Rxd8 Rxd8 36. e6 Re8 37. e7 Kc6 38. Rf6+ Kd7 39. Bf8 Rxe7 40. Bxe7 1-0


[Site "https://www.chess.com"]

[Event "Titled Tuesday Blitz May 31 Late 2022"]
[White "Jones, Gawain C B"]
[Black "Harvey, Marcus R"]
[WhiteFideId "409561"]
[BlackFideId "400092"]
[WhiteElo "2657"]
[BlackElo "2485"]
[Result "1-0"]
[Round "08"]
[TimeControl "180+1"]
[Date "2022.05.31"]
[WhiteClock "0:01:25"]
[BlackClock "0:00:41"]

1. a3 d5 2. Nf3 g6 3. c4 dxc4 4. e3 Bg7 5. Bxc4 Nf6 6. d4 O-O 7. O-O a6 8. Nc3 b5 9. Ba2 Bb7 10. Ne5 Nbd7 11. f4 Nxe5 12. fxe5 Nd5 13. Qf3 e6 14. Ne4 Kh8 15. Nc5 Bc6 16. e4 Nb6 17. Be3 Nc4 18. Rf2 Nxe3 19. Qxe3 Qe7 20. Raf1 a5 21. d5 Bd7 22. Nxd7 Qxd7 23. Qc5 exd5 24. Bxd5 Rad8 25. e6 Qd6 26. Qxd6 Rxd6 27. e7 Re8 28. Rxf7 c6 29. Rf8+ Bxf8 30. Rxf8+ 1-0


[Site "https://www.chess.com"]

[Event "Titled Tuesday Blitz May 31 Late 2022"]
[White "Jovic, Stevan"]
[Black "Jeet, Jain"]
[WhiteFideId "923206"]
[BlackFideId "5073022"]
[WhiteElo "2203"]
[BlackElo "2028"]
[Result "1-0"]
[Round "08"]
[TimeControl "180+1"]
[Date "2022.06.01"]
[WhiteClock "0:00:35"]
[BlackClock "0:00:10"]

1. d4 d5 2. c4 c6 3. Nc3 e6 4. e3 f5 5. f4 Nf6 6. Nf3 Be7 7. Bd3 O-O 8. O-O Ne4 9. Bxe4 fxe4 10. Ne5 Nd7 11. Nxd7 Bxd7 12. b3 Be8 13. Bd2 Bg6 14. Kh1 h5 15. Qe2 Kh7 16. Rg1 h4 17. g4 hxg3 18. hxg3 Rh8 19. Kg2 Kg8 20. Rh1 Kf7 21. g4 Qd7 22. Qf2 Raf8 23. Qg3 Ke8 24. Rxh8 Rxh8 25. Rh1 Rxh1 26. Kxh1 Bf6 27. c5 Qf7 28. Ne2 Bd8 29. Kg2 b6 30. b4 Qe7 31. Be1 Bc7 32. Qh3 bxc5 33. dxc5 e5 34. f5 Bf7 35. Qh8+ Qf8 36. Qxf8+ Kxf8 37. Bc3 Ke7 38. a3 Kf6 39. Be1 g5 40. Bg3 Be8 41. Kf2 Bd7 42. Nc3 Bc8 43. a4 Ba6 44. b5 Bb7 45. Ke2 Ba5 46. Be1 Kf7 47. Nxe4 dxe4 48. Bxa5 a6 49. b6 Kf6 50. Bc3 Bc8 51. Kd2 Bb7 52. Kc2 Bc8 53. Kb3 Bb7 54. Kb4 Bc8 55. Ka5 Bb7 56. Ba1 Kf7 57. Bxe5 Ke7 58. Bd6+ Kf6 59. Bc7 Kf7 60. Bd8 Ke8 61. Bxg5 Kf7 62. Bf4 Kf6 63. Kb4 Kf7 64. Kc3 Kf6 65. Kd4 1-0


[Site "https://www.chess.com"]

[Event "Titled Tuesday Blitz May 31 Late 2022"]
[White "Kobalia, Mikhail"]
[Black "Fiedorek, Michal"]
[WhiteFideId "4119150"]
[BlackFideId "1199528"]
[WhiteElo "2667"]
[BlackElo "1833"]
[Result "1-0"]
[Round "08"]
[TimeControl "180+1"]
[Date "2022.05.31"]
[WhiteClock "0:00:23"]
[BlackClock "0:00:01"]

1. e4 c5 2. Nf3 e6 3. g3 d5 4. exd5 exd5 5. d4 Nc6 6. Bg2 Bg4 7. O-O Nf6 8. dxc5 Bxc5 9. Re1+ Be7 10. Nc3 O-O 11. h3 Bh5 12. Bf4 Rc8 13. g4 Bg6 14. Ne5 Bb4 15. Bg5 d4 16. Bxf6 gxf6 17. Nxg6 hxg6 18. a3 dxc3 19. axb4 cxb2 20. Rb1 Nxb4 21. Rxb2 Qxd1 22. Rxd1 a5 23. Rd7 Rxc2 24. Rxc2 Nxc2 25. Rxb7 a4 26. Ra7 a3 27. Be4 Rc8 28. Bd5 Rf8 29. Bc4 Kg7 30. Kg2 Nd4 31. Rxa3 Nc6 32. Bd5 Ne5 33. f4 Nd7 34. Ra7 Nb6 35. Bb3 Nc8 36. Rd7 Nb6 37. Rc7 Nc8 38. Bxf7 Rxf7 39. Rxc8 Ra7 40. Rc3 Ra4 41. Kf3 Kf7 42. h4 Kg7 43. Rd3 Rb4 44. Rd7+ Kg8 45. h5 gxh5 46. gxh5 Rb1 47. Kg4 Rh1 48. Rc7 Kf8 49. Rd7 Kg8 50. Kf5 Rxh5+ 51. Kg6 Rh1 52. Rd8# 1-0


[Site "https://www.chess.com"]

[Event "Titled Tuesday Blitz May 31 Late 2022"]
[White "Kozin, Yuri"]
[Black "Miszler, Levente"]
[WhiteFideId "4129920"]
[BlackFideId "763276"]
[WhiteElo "2565"]
[BlackElo "1966"]
[Result "1-0"]
[Round "08"]
[TimeControl "180+1"]
[Date "2022.06.01"]
[WhiteClock "0:00:11"]
[BlackClock "0:00:04"]

1. e4 e6 2. d4 d5 3. Nd2 f5 4. exd5 exd5 5. Ngf3 Nf6 6. Ne5 Bd6 7. Ndf3 O-O 8. Be2 Ne4 9. O-O Nd7 10. c4 c6 11. Qb3 Ndf6 12. Bf4 h6 13. Rad1 g5 14. Bc1 g4 15. Nh4 Re8 16. Bxh6 Bxe5 17. dxe5 Rxe5 18. Bf4 Re7 19. cxd5 cxd5 20. Ng6 Rh7 21. Be5 Qe8 22. Bxf6 Nxf6 23. Nf4 Qe5 24. g3 Kg7 25. Rfe1 Bd7 26. Qxb7 Rah8 27. h4 Rxh4 28. gxh4 Qxf4 29. Rxd5 Rxh4 30. Rxd7+ Nxd7 31. Qxd7+ Kh6 32. Qc6+ Kg5 33. Qg2 Qd2 34. f4+ Kxf4 35. Rf1+ Kg5 36. Qf2 Qd5 37. Qf4+ Kg6 38. Bf3 Qc5+ 39. Rf2 gxf3 40. Qxh4 Qc1+ 41. Kh2 Qe3 42. Qg3+ Kf6 43. Qxf3 Qh6+ 44. Kg2 Qg5+ 45. Qg3 Qc1 46. Qd6+ Kf7 47. Rxf5+ Kg7 48. Qf6+ Kg8 49. Rg5+ Kh7 50. Qg6+ Kh8 51. Qg7# 1-0


[Site "https://www.chess.com"]

[Event "Titled Tuesday Blitz May 31 Late 2022"]
[White "Krstulovic, Alex"]
[Black "Terletsky, Oleg"]
[WhiteFideId "760056"]
[BlackFideId "14116774"]
[WhiteElo "2193"]
[BlackElo "2064"]
[Result "0-1"]
[Round "08"]
[TimeControl "180+1"]
[Date "2022.06.01"]
[WhiteClock "0:00:01"]
[BlackClock "0:00:04"]

1. e4 e5 2. Nf3 Nc6 3. Bc4 Nf6 4. d3 h6 5. O-O d6 6. c3 g6 7. d4 Bg4 8. Qb3 Qd7 9. dxe5 dxe5 10. Rd1 Bd6 11. Qxb7 Rb8 12. Qa6 Bxf3 13. gxf3 Rb6 14. Qa4 Qh3 15. Be2 g5 16. Rd3 Qh4 17. Be3 Kd7 18. Bxb6 axb6 19. Na3 Nh5 20. Nc4 Nf4 21. Nxe5+ Ke6 22. Rxd6+ cxd6 23. Nxc6 Nxe2+ 24. Kf1 Nf4 25. Nd4+ Kf6 26. Qd7 Qxh2 27. Qxd6+ Kg7 28. Qe5+ f6 29. Qe7+ Kg6 30. Ke1 Qg1+ 31. Kd2 Qxf2+ 32. Kd1 Qf1+ 33. Kc2 Qd3+ 34. Kc1 Rc8 0-1


[Site "https://www.chess.com"]

[Event "Titled Tuesday Blitz May 31 Late 2022"]
[White "Lobanov, Sergei"]
[Black "Fier, Alexandr"]
[WhiteFideId "24183750"]
[BlackFideId "2107139"]
[WhiteElo "2524"]
[BlackElo "2571"]
[Result "1-0"]
[Round "08"]
[TimeControl "180+1"]
[Date "2022.05.31"]
[WhiteClock "0:00:14"]
[BlackClock "0:01:00"]

1. e4 Nf6 2. e5 Nd5 3. d4 d6 4. Nf3 g6 5. Bc4 Nb6 6. Bb3 Bg7 7. Ng5 e6 8. Qf3 Qe7 9. Ne4 dxe5 10. Bg5 Qb4+ 11. c3 Qa5 12. Bf6 O-O 13. Bxg7 Kxg7 14. Qf6+ Kg8 15. Qxe5 Qxe5 16. dxe5 a5 17. Nbd2 Bd7 18. Nf6+ Kg7 19. h4 h6 20. f4 Bc6 21. Kf2 N8d7 22. Nde4 a4 23. Bc2 Nd5 24. Nxd7 Bxd7 25. g3 a3 26. b3 h5 27. Rad1 Bc6 28. Rhe1 Rfd8 29. b4 Nb6 30. Bb3 Rxd1 31. Bxd1 Rd8 32. Bb3 Bb5 33. Rc1 Bc4 34. Rc2 Bd3 35. Rd2 Rd7 36. Nc5 Bb5 37. Nxd7 Bxd7 38. c4 Bc6 39. b5 Be8 40. Ke3 Kf8 41. Kd4 Nd7 42. c5 Nb8 43. Bc4 Ke7 44. Rd3 Nd7 45. Rxa3 f6 46. Ra7 1-0


[Site "https://www.chess.com"]

[Event "Titled Tuesday Blitz May 31 Late 2022"]
[White "Lomaia, Diana"]
[Black "Piesik, Piotr"]
[WhiteFideId "13612476"]
[BlackFideId "1136194"]
[WhiteElo "1744"]
[BlackElo "2190"]
[Result "1-0"]
[Round "08"]
[TimeControl "180+1"]
[Date "2022.06.01"]
[WhiteClock "0:00:39"]
[BlackClock "0:01:36"]

1. d4 c5 2. Nf3 cxd4 3. Nxd4 d5 4. g3 e5 5. Nf3 Nc6 6. Bg2 h6 7. O-O Nf6 8. c4 d4 9. e3 Be6 10. exd4 exd4 11. Re1 Be7 12. b3 O-O 13. Bb2 Bc5 14. Nbd2 Qd6 15. Ne4 Nxe4 16. Rxe4 Rad8 17. b4 Nxb4 18. Nxd4 Bxc4 19. Qg4 Qg6 20. Nf5 Bd3 21. Ne7+ Bxe7 22. Qxg6 fxg6 23. Rxe7 Rf7 24. Rae1 b6 25. a3 Nc2 26. Re8+ Rf8 27. R8e7 Nxe1 28. Rxg7+ Kh8 29. Rxg6+ Kh7 30. Rg7+ Kh8 31. Rd7+ Kg8 32. Bd5+ 1-0


[Site "https://www.chess.com"]

[Event "Titled Tuesday Blitz May 31 Late 2022"]
[White "Martic, Ivan"]
[Black "Avazkhonov, Alikhon"]
[WhiteFideId "929301"]
[BlackFideId "14208504"]
[WhiteElo "2317"]
[BlackElo "1739"]
[Result "0-1"]
[Round "08"]
[TimeControl "180+1"]
[Date "2022.06.01"]
[WhiteClock "0:00:16"]
[BlackClock "0:00:08"]

1. d4 d5 2. c4 e6 3. Nc3 c6 4. e3 Bd6 5. Bd3 f5 6. Nge2 Nf6 7. f3 O-O 8. Qc2 dxc4 9. Bxc4 Kh8 10. O-O Qe7 11. Bb3 e5 12. dxe5 Bxe5 13. Bd2 Na6 14. Rae1 Nb4 15. Qb1 Rd8 16. Bc1 Be6 17. Nd4 Bxd4 18. exd4 Nbd5 19. Nxd5 Nxd5 20. Re5 Qf6 21. Rfe1 Rd6 22. Bxd5 Bxd5 23. Rxf5 Qxd4+ 24. Be3 Qc4 25. Rh5 g6 26. b3 Qc3 27. Bf4 Qd4+ 28. Kh1 Qxf4 29. Rhe5 Rf8 30. Qb2 Qf6 31. Qe2 Kg8 32. h3 b5 33. Qe3 a5 34. Qc5 Rd7 35. R1e3 Rdf7 36. a4 bxa4 37. bxa4 Qh4 38. Qxa5 Rb7 39. Re1 Bxf3 40. Kh2 Bd5 41. Re8 Qf4+ 42. Kh1 Rxe8 43. Rxe8+ Kg7 44. Qc3+ Qf6 45. Rg8+ Bxg8 46. Qe1 Rb1 47. Qxb1 Bd5 48. Qg1 Qc3 49. Kh2 Qe5+ 50. Kh1 Qf4 51. a5 Qa4 52. Qa7+ Kh6 53. Qe3+ Kg7 54. Qe7+ Bf7 55. Qe5+ Kg8 56. Qb8+ Kg7 57. Qe5+ Kh6 58. Qe3+ g5 59. Qe7 Bg6 60. Qf8+ Kh5 61. Qf2 Qa1+ 62. Kh2 Qe5+ 63. g3 g4 64. a6 c5 65. a7 Be4 66. Qf7+ Kg5 67. h4+ Kh6 68. Qf8+ Kg6 69. a8=Q Bxa8 70. Qxa8 Qe2+ 71. Kh1 Qe1+ 72. Kh2 Qf2+ 73. Kh1 Qf1+ 74. Kh2 Qh3+ 75. Kg1 Qxg3+ 76. Kh1 Qf3+ 77. Qxf3 gxf3 78. Kg1 Kf5 79. Kf2 Kf4 80. h5 c4 81. h6 c3 82. Ke1 c2 83. Kf2 Kg4 0-1


[Site "https://www.chess.com"]

[Event "Titled Tuesday Blitz May 31 Late 2022"]
[White "Melikhov, Evgeny V."]
[Black "Vypkhaniuk, Ihor"]
[WhiteFideId "4122046"]
[BlackFideId "14112256"]
[WhiteElo "1931"]
[BlackElo "2346"]
[Result "0-1"]
[Round "08"]
[TimeControl "180+1"]
[Date "2022.06.01"]
[WhiteClock "0:00:11"]
[BlackClock "0:00:45"]

1. d4 Nf6 2. c4 c5 3. d5 b5 4. cxb5 a6 5. b6 e6 6. Nc3 Nxd5 7. Nxd5 exd5 8. Qxd5 Nc6 9. e4 Be7 10. Bc4 O-O 11. Nf3 Rb8 12. O-O Rxb6 13. Ng5 Nb4 14. Nxf7 Nxd5 15. Nxd8 Rxd8 16. Bxd5+ Kf8 17. b3 Bf6 18. Rb1 Bb7 19. Bxb7 Rxb7 20. Be3 d6 21. Rfd1 a5 22. e5 Bxe5 23. Bxc5 a4 24. b4 a3 25. b5 Ke7 26. Bxa3 Rdb8 27. Rb3 Rxb5 28. Rdb1 Rxb3 29. axb3 Ke6 30. Kf1 d5 31. Ke2 h5 32. h3 d4 33. Kd3 Kd5 34. Bc1 Bd6 35. Bd2 Bb4 36. Bxb4 Rxb4 37. f4 h4 38. Rb2 Rb6 39. b4 Rg6 40. b5 Rg3+ 41. Kd2 Rxg2+ 42. Kc1 Rg1+ 43. Kd2 Rg2+ 44. Kc1 Rxb2 45. Kxb2 Kc5 46. b6 Kxb6 47. Kb3 Kc5 48. Kc2 Kc4 49. Kd2 d3 50. Kd1 Kc3 51. Kc1 d2+ 52. Kd1 Kd3 53. f5 Ke3 0-1


[Site "https://www.chess.com"]

[Event "Titled Tuesday Blitz May 31 Late 2022"]
[White "Mendoza Criollo, Carlos David"]
[Black "Kujawski, Adam"]
[WhiteFideId "3618323"]
[BlackFideId "1100920"]
[WhiteElo "1715"]
[BlackElo "1982"]
[Result "1/2-1/2"]
[Round "08"]
[TimeControl "180+1"]
[Date "2022.06.01"]
[WhiteClock "0:01:02"]
[BlackClock "0:00:04"]

1. d4 Nf6 2. c4 e6 3. Nc3 Bb4 4. Qc2 d5 5. cxd5 exd5 6. Bg5 h6 7. Bh4 c5 8. dxc5 Nc6 9. e3 g5 10. Bg3 Qa5 11. Bd3 d4 12. exd4 Nxd4 13. Qd2 O-O 14. Nge2 Nxe2 15. Bxe2 Rd8 16. Qc2 Bf5 17. Qxf5 Bxc3+ 18. Kf1 Bxb2 19. Rb1 Rd2 20. Rxb2 Rxb2 21. Be5 Rxe2 22. Kxe2 Qxa2+ 23. Ke1 Re8 24. Qxf6 Qa1+ 25. Kd2 Qxe5 26. Qxe5 Rxe5 27. Rb1 Rxc5 28. Rxb7 Ra5 29. g3 Kg7 30. Ke3 h5 31. h4 gxh4 32. gxh4 Kg6 33. Kf3 Ra4 34. Kg3 a6 35. Ra7 f6 36. f3 Kf5 37. Ra8 Ra1 38. Rh8 Kg6 39. Rg8+ Kf7 40. Rh8 Ra5 41. Ra8 Kg7 42. Kf4 Kg6 43. Rg8+ Kf7 44. Ra8 Ke6 45. Rh8 Ra4+ 46. Kg3 Kf5 47. Rxh5+ Kg6 48. Rh8 Ra1 49. Ra8 a5 50. Kg4 Rg1+ 51. Kf4 Ra1 52. Ra6 a4 53. h5+ Kxh5 54. Rxf6 a3 55. Ra6 Ra2 56. Kf5 Kh4 57. f4 Kg3 58. Kg5 Ra1 59. f5 Kf3 60. f6 a2 61. Kg6 Rg1+ 62. Kh7 a1=Q 63. Rxa1 Rxa1 64. f7 Ra8 65. Kg7 Ke4 66. f8=Q Rxf8 67. Kxf8 1/2-1/2


[Site "https://www.chess.com"]

[Event "Titled Tuesday Blitz May 31 Late 2022"]
[White "Nakamura, Hikaru"]
[Black "Xiong, Jeffery"]
[WhiteFideId "2016192"]
[BlackFideId "2047640"]
[WhiteElo "2850"]
[BlackElo "2727"]
[Result "1-0"]
[Round "08"]
[TimeControl "180+1"]
[Date "2022.05.31"]
[WhiteClock "0:01:46"]
[BlackClock "0:01:27"]

1. Nf3 c5 2. b3 Nf6 3. e3 g6 4. Bb2 Bg7 5. g3 b6 6. Bg2 Bb7 7. O-O O-O 8. c4 d5 9. Qe2 Nc6 10. Rd1 dxc4 11. bxc4 Qc7 12. d4 cxd4 13. exd4 Na5 14. Na3 e6 15. Rac1 Rac8 16. Nb5 Qb8 17. d5 exd5 18. Be5 Rfe8 19. Qb2 Qa8 20. Bxf6 Nxc4 21. Rxc4 dxc4 22. Bxg7 Bxf3 23. Bh6 c3 24. Nxc3 1-0


[Site "https://www.chess.com"]

[Event "Titled Tuesday Blitz May 31 Late 2022"]
[White "Nazaretyan, Tigran"]
[Black "Rustemov, Alexander"]
[WhiteFideId "24162345"]
[BlackFideId "4119002"]
[WhiteElo "2225"]
[BlackElo "2788"]
[Result "1-0"]
[Round "08"]
[TimeControl "180+1"]
[Date "2022.05.31"]
[WhiteClock "0:00:34"]
[BlackClock "0:00:03"]

1. d4 f5 2. Nf3 Nf6 3. g3 d6 4. Bg2 g6 5. O-O Bg7 6. c4 O-O 7. Nc3 Nc6 8. d5 Ne5 9. Nxe5 dxe5 10. c5 e4 11. Qb3 e6 12. Bg5 exd5 13. Bxf6 Rxf6 14. Nxd5 Rf7 15. Rfd1 Be6 16. Qxb7 Rb8 17. Ne7+ Qxe7 18. Qxb8+ Rf8 19. Qxa7 g5 20. Rac1 f4 21. Bxe4 Kh8 22. c6 Bh3 23. Rc4 Bxb2 24. Qc5 Qf7 25. Bd5 Qg7 26. Re4 Bf6 27. Be6 g4 28. Rd7 Qg6 29. Bf5 Qh6 30. Rxh7+ Qxh7 31. Qxf8+ 1-0


[Site "https://www.chess.com"]

[Event "Titled Tuesday Blitz May 31 Late 2022"]
[White "Omariev, Maksim"]
[Black "Perez Torres, Nabi Isaias"]
[WhiteFideId "4193423"]
[BlackFideId "5120373"]
[WhiteElo "2520"]
[BlackElo "1755"]
[Result "1-0"]
[Round "08"]
[TimeControl "180+1"]
[Date "2022.06.01"]
[WhiteClock "0:00:05"]
[BlackClock "0:00:15"]

1. g4 d6 2. Bg2 c6 3. h3 e5 4. d4 exd4 5. Qxd4 Qb6 6. Nf3 Nf6 7. Nc3 Be7 8. g5 Qxd4 9. Nxd4 Nfd7 10. Bf4 Nb6 11. O-O-O d5 12. e4 dxe4 13. Nxe4 O-O 14. Rhe1 Na6 15. Nd6 Bd8 16. c4 Nc5 17. Nxc8 Rxc8 18. Bd6 Bxg5+ 19. f4 Nxc4 20. Bxc5 Bxf4+ 21. Kb1 Ne3 22. Rd2 Rfd8 23. Be4 b6 24. Ba3 Nc4 25. Rd3 Ne5 26. Rdd1 Bg3 27. Rf1 Nc4 28. Nf5 Nd2+ 29. Rxd2 Rxd2 30. Ne7+ Kh8 31. Nxc8 c5 32. Nxa7 Kg8 33. Nb5 g6 34. Nc3 Be5 35. Nd5 f5 36. Bh1 b5 37. Bxc5 Kg7 38. Ba3 Kh6 39. Nb4 Kg5 40. Nc6 Rh2 41. Nxe5 f4 42. Nf3+ Kf5 43. Nxh2 g5 44. Bf3 h5 45. Bxh5 Ke4 46. Bg4 Ke3 47. Nf3 1-0


[Site "https://www.chess.com"]